 Dungeon Crawl Stone Soup version 0.25.1-8-g42b30a86e7 (webtiles) character file.

Game seed: 8978219935836160070

62 Descartes the Gusty (level 3, -2/19 HPs)
             Began as a Deep Elf Air Elementalist on Dec 11, 2020.
             Slain by a gnoll
             ... wielding a +0 spear
              (5 damage)
             ... on level 2 of the Dungeon.
             The game lasted 00:03:16 (1370 turns).

Descartes the Gusty (Deep Elf Air Elementalist)     Turns: 1370, Time: 00:03:16

Health: -2/19      AC:  3    Str:  5    XL:     3   Next: 85%
Magic:  1/9        EV: 13    Int: 20    God:
Gold:   35         SH:  0    Dex: 15    Spells: 7/8 levels left

rFire    . . .     SeeInvis .   g - +0 short sword
rCold    . . .     Gourm    .   (no shield)
rNeg     . . .     Faith    .   a - +0 robe
rPois    .         Spirit   .   e - +0 helmet
rElec    .         Reflect  .   (no cloak)
rCorr    .         Harm     .   (no gloves)
MR       .....                  (no boots)
Stlth    ++........             (no amulet)
HPRegen  0.06/turn              (no ring)
MPRegen  0.11/turn              (no ring)

@: no status effects
A: no striking features
a: no special abilities


You were on level 2 of the Dungeon.
You were not hungry.

You visited 1 branch of the dungeon, and saw 2 of its levels.

You collected 35 gold pieces.

Inventory:

Hand Weapons
 g - a +0 short sword (weapon)
Missiles
 d - 16 poisoned darts (quivered)
 f - a throwing net
 l - 5 stones
 m - 25 sling bullets
Armour
 a - a +0 robe (worn)
 e - a +0 helmet (worn)
Scrolls
 b - a scroll of fog {unknown}
 j - 2 scrolls of teleportation {unknown}
 k - 2 scrolls of amnesia {unknown}
 o - 2 scrolls of identify {unknown}
Potions
 h - 2 potions of curing {unknown}
 n - a potion of degeneration {unknown}
 p - 2 potions of mutation {unknown}
Comestibles
 c - 5 rations
 i - 4 chunks of flesh


   Skills:
 - Level 2.4 Dodging
 - Level 2.4 Stealth
 - Level 3.0 Spellcasting
 + Level 3.0 Conjurations
 + Level 4.0 Air Magic


You had 7 spell levels left.
You knew the following spells:

 Your Spells              Type           Power        Failure   Level  Hunger
a - Shock                 Conj/Air       ###.         3%          1    None

Your spell library contained the following spells:

 Spells                   Type           Power        Failure   Level  Hunger
 Swiftness                Chrm/Air       ##......     10%         2    ##.....
 Static Discharge         Conj/Air       ###.....     10%         3    ###....
 Airstrike                Air            ###.......   26%         4    ####...
 Lightning Bolt           Conj/Air       ###.......   67%         5    ######.


Dungeon Overview and Level Annotations

Branches:
Dungeon (2/15)

Altars:


Message History

Confirm with . or Enter, or press ? or * to list all spells.
You don't have enough magic to cast that spell.
Unknown command.
Casting: Shock (safe; 3% risk of failure)
Confirm with . or Enter, or press ? or * to list all spells.
You don't have enough magic to cast that spell.
Unknown command.
Unknown command.
Casting: Shock (safe; 3% risk of failure)
Confirm with . or Enter, or press ? or * to list all spells.
You don't have enough magic to cast that spell.
You struggle against the net.
The gnoll hits you from afar with a +0 halberd!
You struggle against the net.
The gnoll hits you from afar with a +0 halberd!
* * * LOW HITPOINT WARNING * * *
The gnoll closely misses you.
You shred the net and break free!
The gnoll hits you from afar with a +0 spear.
You die...

#. ### 8....
#g##.###. .. #...#.#
8... ####.## ## #
##.#########
#g....##.#.#
#gg##.##...#
#..##.####.#####
#@.............###
#.#.#.)..........รท
....#####.........
.....#####.####.#..
............####.#>.
#......####..........
#.#....#####.####..##
#.##<.........# #..#
#.#.###..#..##..#


You could see 2 gnolls and a goblin.

Vanquished Creatures
  2 gnolls (D:2)
  An adder (D:2)
  An ooze (D:1)
  3 bats
  6 goblins
  6 hobgoblins (D:1)
  2 ball pythons
  2 frilled lizards
  3 kobolds (D:1)
  7 rats
33 creatures vanquished.

Notes
Turn   | Place    | Note
-------+----------+-------------------------------------------
     0 | D:1      | Descartes the Deep Elf Air Elementalist began the quest for
                  | the Orb.
     0 | D:1      | Reached XP level 1. HP: 10/10 MP: 6/6
   305 | D:1      | Reached XP level 2. HP: 15/15 MP: 5/8
   951 | D:1      | Reached XP level 3. HP: 19/19 MP: 4/9
  1357 | D:2      | Reached skill level 4 in Air Magic
  1370 | D:2      | Slain by a gnoll

Illustrated notes

Levels and vault maps discovered:
D:1:      nzn_arrival_crosshair, layout_basic, minmay_misc_feat_enclosed
D:2:      layout_loops_ring, grunt_temple_overflow_gold_and_silver,
          tso_oasis_becter, nicolae_overflow_hidden_temple,
          chequers_ecumenical_altar_twisty, first_ration,
          grunt_qazlal_sundering, uniq_natasha

Skill      XL: |  1  2  3 |
---------------+----------+-----
Conjurations   | 2 3 |  3.0
Air Magic      | 4 |  4.0
Dodging        | |  2.4
Stealth        | |  2.4
Spellcasting   | |  3.0

Action                   || total
-------------------------++-------
 Cast: Shock             ||    71
  Eat: Chunk             ||     1
Armor: Robe              ||     1
Dodge: Dodged            ||     8
